AoeStats
← Dr Greencrack

Lombardia

509481115Analyzed
2v2 RM · 5d ago on Sep 26, 2026· 50m 20s· 4 players
Game mode
Random Map
Map size
Medium (4 player)
Population
200
Speed
Normal
Resources
Standard
Victory
Conquest
Starting age
Dark Age
Ending age
Imperial Age
RankedLock teamsTeams togetherTeam positionsShared explorationLock speedFull tech treeHidden civsTurbo modeCheats
Victory
Defeat
🇨🇦 Teutons · Canada
1024
+18
🇨🇦 Ethiopians · Canada
1012
+18
🇬🇧 Romans · United Kingdom
1077
-19
🇩🇪 Vikings · Germany
1045
-17
Puffmutti
12:17 Feudal Age
15:26 Double-Bit Axe
18:17 Castle Age
16:00 Horse Collar
31:15 Elite Skirmisher
34:43 Fletching
34:53 Padded Archer Armor
35:35 Bodkin Arrow
GreatGurkhas
7:01 Loom
9:18 Feudal Age
10:11 Double-Bit Axe
12:37 Scale Mail Armor
13:51 Horse Collar
14:47 Man-at-Arms
17:50 Forging
21:28 Castle Age
19:48 Gold Mining
20:13 Stone Mining
21:48 Fletching
22:40 Heavy Plow
22:11 Long Swordsman
23:56 Chain Mail Armor
25:54 Bow Saw
26:21 Pikeman
31:52 Imperial Age
29:38 Bodkin Arrow
31:57 Town Watch
33:50 Conscription
33:16 Halberdier
34:44 Wheelbarrow
34:05 Legionary
37:31 Iron Casting
40:39 Squires
41:16 Ballistas
42:02 Hand Cart
43:10 Comitatenses
45:20 Town Patrol
45:17 Heavy Scorpion
48:17 Blast Furnace
47:58 Ballistics
48:39 Chemistry
50:45 Siege Engineers
50:36 Murder Holes
Dr Greencrack
8:09 Loom
10:59 Feudal Age
12:10 Double-Bit Axe
13:03 Wheelbarrow
17:26 Castle Age
17:47 Horse Collar
18:53 Bow Saw
18:46 Heavy Plow
20:06 Gold Mining
22:25 Scale Barding Armor
26:26 Bloodlines
26:30 Forging
26:56 Town Watch
27:31 Hand Cart
34:56 Imperial Age
35:02 Fletching
35:48 Iron Casting
35:33 Chain Barding Armor
35:14 Scale Mail Armor
34:36 Pikeman
35:17 Squires
35:02 Gambesons
34:38 Man-at-Arms
35:04 Arson
35:27 Stone Mining
35:46 Capped Ram
37:14 Cavalier
38:18 Bodkin Arrow
39:22 Masonry
39:19 Siege Engineers
41:30 Chemistry
40:42 Fortified Wall
42:16 Ballistics
42:34 Plate Barding Armor
42:19 Guilds
41:38 Paladin
43:04 Crenellations
43:07 Conscription
42:23 Long Swordsman
44:41 Blast Furnace
43:05 Halberdier
45:10 Chain Mail Armor
44:56 Padded Archer Armor
44:18 Two-Handed Swordsman
45:21 Bombard Tower
45:18 Fervor
45:11 Devotion
46:12 Block Printing
47:05 Plate Mail Armor
Iceman
3:04 Loom
11:13 Feudal Age
12:11 Double-Bit Axe
12:08 Horse Collar
18:03 Castle Age
16:23 Fletching
18:13 Padded Archer Armor
18:16 Crossbowman
19:59 Forging
20:33 Bodkin Arrow
20:42 Scale Mail Armor
20:42 Town Watch
30:20 Ballistics
32:29 Bow Saw
36:36 Imperial Age
34:43 Wheelbarrow
35:52 Thumb Ring
36:06 Chain Mail Armor
38:23 Chemistry
37:43 Bracer
37:59 Leather Archer Armor
37:17 Arbalester
38:36 Iron Casting
38:31 Fortified Wall
42:01 Hand Cart
42:18 Town Patrol
41:45 Onager
44:44 Murder Holes
44:56 Siege Engineers
45:03 Masonry
Connection lost

Rejoining the realm…

Still unreachable

The connection could not be restored.

Session expired

The server has moved on; the page needs a fresh start.